 Dungeon Crawl Stone Soup version 0.21-a0-110-g8e1637b (webtiles) character file.

1263 Monsterracer the Basher (level 8, -12/67 HPs)
             Began as a Gnoll Wanderer on July 7, 2017.
             Was an Initiate of Okawaru.
             Mangled by an ogre
             ... wielding a +0 giant club
              (15 damage)
             ... on level 6 of the Dungeon.
             The game lasted 00:14:19 (7202 turns).

Monsterracer the Basher (Gnoll Wanderer)            Turns: 7202, Time: 00:14:19

Health: -12/67     AC:  7    Str: 12    XL:     8   Next: 52%
Magic:  10/10      EV: 19    Int: 11    God:    Okawaru [......]
Gold:   219        SH:  0    Dex: 16    Spells: 4/10 levels left

rFire    . . .     SeeInvis .   s - +0 flail
rCold    . . .     Gourm    .   (no shield)
rNeg     + . .     Faith    .   o - +2 robe
rPois    .         Spirit   .   (no helmet)
rElec    .         Reflect  .   (no cloak)
rCorr    .         Harm     .   g - +2 pair of gloves
MR       .....                  (no boots)
Stlth    ++........             (no amulet)
HPRegen  0.21/turn              p - +3 ring of evasion
MPRegen  0.12/turn              j - ring of positive energy

@: no status effects
A: short attention span, fangs 1, strong nose
a: Renounce Religion


You were on level 6 of the Dungeon.
You worshipped Okawaru.
Okawaru was noncommittal.
You were very hungry.

You visited 1 branch of the dungeon, and saw 6 of its levels.

You collected 219 gold pieces.

Inventory:

Hand Weapons
 s - a +0 flail (weapon)
Missiles
 e - 29 stones (quivered)
 m - 6 tomahawks
Armour
 g - a +2 pair of gloves (worn)
 o - a +2 robe (worn)
 r - a +0 leather armour of positive energy
Jewellery
 j - a ring of positive energy (right hand)
 p - a +3 ring of evasion (left hand)
Wands
 q - a wand of acid (4/15)
Scrolls
 a - 4 scrolls of identify
 c - 3 scrolls of teleportation
 i - 3 scrolls of remove curse
 n - 2 scrolls of amnesia
 t - 2 scrolls of enchant armour
Potions
 h - a potion of heal wounds
Books
 l - a book of Misfortune

   Spells                             Type                      Level
   a - Confusing Touch                Hexes                        1
   b - Confuse                        Hexes                        3
   c - Gell's Gravitas                Translocation                3
   d - Petrify                        Transmutation/Earth          4
   e - Metabolic Englaciation         Hexes/Ice                    5
   f - Yara's Violent Unravelling     Hexes/Transmutation          5
Comestibles
 b - 2 meat rations
 d - 3 royal jellies
 f - 8 bread rations
 k - 5 fruits


   Skills:
 + Level 7.5 Fighting
 * Level 8.3 Maces & Flails
 + Level 6.3 Throwing
 - Level 3.2 Armour
 + Level 6.4 Dodging
 - Level 1.5 Stealth
 - Level 1.9 Spellcasting
   Level 3.2 Ice Magic
 + Level 1.9 Invocations
 - Level 1.7 Evocations


You had 4 spell levels left.
You knew the following spells:

 Your Spells              Type           Power        Failure   Level  Hunger
a - Confuse               Hex            #.......     65%         3    ####...
b - Gell's Gravitas       Tloc           #.........   65%         3    ####...


Dungeon Overview and Level Annotations

Branches:
Dungeon (6/15)             Temple (0/1) D:6

Altars:
Cheibriados
Fedhas
Hepliaklqana
Okawaru
Qazlal
Ru
Sif Muna
Trog
Vehumet
Wu Jian
Xom
Zin
The Shining One

Shops:
D:4 *


Innate Abilities, Weirdness & Mutations

You have a short attention span.
You have very sharp teeth.
Your uncanny sense of smell can sniff out nearby items.


Message History

Huge Dmg: -39%(-26hp) hp: 36%(24hp)
Okay, then.
You closely miss the ogre.
The ogre is heavily wounded.
The ogre hits you with a giant club!!
* * * LOW HITPOINT WARNING * * *
Huge Dmg: -33%(-22hp) hp: 3%(2hp)
You hit the ogre. Your bite misses the ogre.
The ogre is heavily wounded.
The crimson imp blinks!
You barely miss the ogre.
The ogre is heavily wounded.
The ogre closely misses you.
You barely miss the ogre.
The ogre is heavily wounded.
The ogre completely misses you.
You barely miss the ogre.
The ogre is heavily wounded.
The ogre hits you with a giant club!
You die...

#.#...#.#.# #.#..
# #.#.#.#.#.#
#.#.. #.
#.#.#.#.#.# #.#..
#.###.#.#...#.#
#.#..
#.....#.#...#.#
#....
..#.<.....#...#.#
###..
...............#.#
#..
...#####.#.##..#.#
#..
...#####@#.....#.#
#..
#$....#O#####.#.#
#.. #.......#
#.#.# ###
#.......# #...#
#.......# ##..#
#..$....# #..#
#.......# ##.###
#.......#
#####>..#
.........#
#.......#


You could see an ogre.

Vanquished Creatures
  An ice beast (D:5)
  An orc warrior (D:6)
  Purgy (D:4)
  2 phantoms (D:5)
  2 centaurs (D:5)
  A scorpion (D:6)
  A howler monkey (D:4)
  A crimson imp (D:6)
  A hound (D:4)
  An orc priest (D:6)
  3 orc wizards
  A bullfrog skeleton (D:6)
  Jessica (D:2)
  3 worker ants (D:4)
  The ghost of murphy the Digger, a weakling DEEE (D:4)
  A hound skeleton (D:4)
  3 adders
  11 gnolls
  A shadow imp (D:5)
  2 oozes
  3 worms
  4 dart slugs
  7 leopard geckos
  13 orcs
  6 giant cockroaches
  7 goblins
  8 hobgoblins
  14 jackals
  2 quokkas
  7 bats
  4 frilled lizards
  7 kobolds
  A leopard gecko skeleton (D:5)
  A quokka zombie (D:5)
  4 rats
127 creatures vanquished.

Notes
Turn   | Place    | Note
-------+----------+-------------------------------------------
     0 | D:1      | Monsterracer the Gnoll Wanderer began the quest for the Orb.
     0 | D:1      | Monsterracer set off with: a +2 spear, a potion of lignification, a scroll of teleportation, a +0 robe, a bread ration
     0 | D:1      | Reached XP level 1. HP: 20/20 MP: 3/3
    27 | D:1      | Reached skill level 5 in Fighting
    38 | D:1      | Reached skill level 1 in Dodging
    91 | D:1      | Reached XP level 2. HP: 20/27 MP: 4/4
   284 | D:1      | Reached skill level 1 in Maces & Flails
   462 | D:1      | Reached skill level 2 in Maces & Flails
   748 | D:2      | You fall through a shaft!
   753 | D:3      | Reached XP level 3. HP: 33/33 MP: 5/5
   803 | D:3      | Reached skill level 3 in Maces & Flails
  1314 | D:2      | Reached skill level 4 in Maces & Flails
  1505 | D:2      | Reached XP level 4. HP: 23/39 MP: 6/6
  2096 | D:2      | Found a faded altar of an unknown god.
  2214 | D:2      | Found an ornate altar of the Wu Jian Council.
  2217 | D:2      | Found a glowing golden altar of the Shining One.
  2228 | D:2      | Found a sacrificial altar of Ru.
  2231 | D:2      | Found a snail-covered altar of Cheibriados.
  2916 | D:2      | Reached skill level 1 in Throwing
  3350 | D:2      | Reached skill level 5 in Maces & Flails
  3352 | D:2      | Found a stormy altar of Qazlal.
  3457 | D:2      | Noticed Jessica
  3469 | D:2      | Killed Jessica
  3469 | D:2      | Reached XP level 5. HP: 44/46 MP: 7/7
  4452 | D:4      | Noticed murphy's ghost (weakling DEEE)
  4458 | D:4      | Noticed Purgy
  4465 | D:4      | Killed murphy's ghost
  4473 | D:4      | Killed Purgy
  4473 | D:4      | Reached skill level 6 in Maces & Flails
  4473 | D:4      | Reached XP level 6. HP: 20/52 MP: 8/8
  4538 | D:4      | Found Itzaasan's Assorted Antiques.
  4871 | D:4      | Learned a level 3 spell: Confuse
  4875 | D:4      | Learned a level 3 spell: Gell's Gravitas
  5047 | D:4      | Reached XP level 7. HP: 50/59 MP: 9/9
  5062 | D:4      | Found a shimmering altar of Xom.
  5154 | D:4      | Found a deep blue altar of Sif Muna.
  5283 | D:5      | Entered Level 5 of the Dungeon
  5286 | D:5      | Found a radiant altar of Vehumet.
  5291 | D:5      | Reached skill level 7 in Maces & Flails
  5306 | D:5      | Reached skill level 5 in Dodging
  5668 | D:5      | Reached skill level 5 in Throwing
  5862 | D:5      | Found a glowing silver altar of Zin.
  6056 | D:5      | Found a bloodstained altar of Trog.
  6085 | D:5      | Found an iron altar of Okawaru.
  6128 | D:5      | Reached XP level 8. HP: 34/67 MP: 10/10
  6153 | D:5      | Reached skill level 8 in Maces & Flails
  6388 | D:5      | Became a worshipper of Warmaster Okawaru
  6460 | D:5      | Found a hazy altar of Hepliaklqana.
  6470 | D:5      | Found a blossoming altar of Fedhas.
  6804 | D:6      | Reached skill level 1 in Invocations
  6807 | D:6      | Found a staircase to the Ecumenical Temple.
  6894 | D:6      | HP: 2/67 [orc warrior/long sword (13)]
  7198 | D:6      | HP: 2/67 [ogre/giant club (22)]
  7202 | D:6      | Mangled by an ogre

Vault maps used:
D:1:      erik_arrival_triangle_small, serial_glass, glass_columns_c,
          glass_columns_c, minivault_4, serial_bayou_lagoon_a,
          minmay_misc_feat_hallway, st_stairs_7
D:2:      marbit_many_paths, grunt_temple_overflow_cloverleaf,
          chequers_ecumenical_altar_simple_redux, minmay_misc_feat_chi,
          uniq_jessica
D:4:      kennysheep_mini, serial_shops, shop, xom_teletrap_fun, uniq_purgy
D:5:      fiery_altar_vehumet, old_standard_altar, zin_statuary,
          lemuel_round_altar, okawaru_gym_becter, first_bread,
          fedhas_altar_fruit_tree
D:6:      minmay_temple_entry_purple_smoke

Skill      XL: |  1  2  3  4  5  6  7  8 |
---------------+-------------------------+-----
Fighting       | 5 6 7 |  7.5
Dodging        | 2 3 4 5 6 |  6.4
Maces & Flails | 2 4 5 6 7 8 |  8.3
Throwing       | 1 3 4 5 6 |  6.3
Invocations    | 1 |  1.9
Armour         | |  3.2
Stealth        | |  1.5
Spellcasting   | |  1.9
Ice Magic      | |  3.2
Evocations     | |  1.7

Action                   |  1- 3 |  4- 6 |  7- 9 || total
-------------------------+-------+-------+-------++-------
Melee: Spear             |    35 |       |       ||    35
       Bite              |    12 |    26 |    33 ||    71
       Whip              |   134 |   198 |       ||   332
       Mace              |       |    90 |   187 ||   277
       Flail             |       |       |    62 ||    62
Throw: Stone             |       |       |    12 ||    12
  Use: Potion            |     4 |     5 |     5 ||    14
       Scroll            |       |     5 |     1 ||     6
 Stab: Sleeping          |     2 |     7 |       ||     9
  Eat: Chunk             |     2 |     8 |     5 ||    15
       Bread ration      |       |     1 |       ||     1
Armor: Robe              |    34 |    58 |    62 ||   154
       Skin              |       |     1 |       ||     1
Dodge: Dodged            |    90 |   221 |   253 ||   564
